cohdb
Replays
Latest Replays
All Replays
Popular Replays
Top Player Replays
Match Explorer
How It Works
Community
CoH3 Stats
Reddit
Sign in to upload your games and track your stats! →
Sign in with Steam
Match 46658673
Unlisted
Match 46658673
Overview
Messages
Build Orders
End
Panzergrenadier Squad
Kradschützen Motorcycle Team
Panzergrenadier Squad
Construct Light Support Kompanie
Panzerpioneer Squad
Fire Support Elements
Assault Grenadier Squad
Flakvierling Half-track
Selects Panzerjäger Kommand Battlegroup
Selects Mine Fields
Selects Defensive Positions
Selects Mine Fields
Selects Defensive Positions
Assault Mechanized Group
Panzerjäger Squad
Panzerjäger Squad
Selects Butterfly Bomb Drop
Butterfly Bomb Drop
Selects Tank Busters
techXops
ParryBow
maximedesimon
Bran
DrewP
Dillbro
0
0
Comments
sign in to comment!
No comments posted yet!